[ AOE2 MATCH · #507916519 ]
UnrankedDravidians vs Japanese
Player's team · WIN
Rival team · LOSS
[ REPLAY ANALYSIS · EXTRACTED FROM THE RECORDED GAME ]
Feudal
9:43
Castle
22:51
Imperial
—
| APM avg | 48.6 |
| APM peak | 78 |
| eAPM avg | 24.4 |
| Villagers / military | 53 / 28 |
Focus
⚔️ 40.3% · 🌾 59.7%
Archer ×25 · Fishing Ship ×20 · Unknown (2626) ×6 · Mangonel ×2 · Armored Elephant ×1
Feudal
11:27
Castle
18:08
Imperial
—
| APM avg | 33.8 |
| APM peak | 70 |
| eAPM avg | 24.8 |
| Villagers / military | 62 / 6 |
Focus
⚔️ 23.9% · 🌾 76.1%
Fishing Ship ×14 · Samurai ×3 · Mangonel ×2 · Fire Galley ×1 · Unknown (2626) ×1
Match map
Initial resources + every placement click. Lines = walls · curves = elevation contours. ◆ gold · ⬟ stone · ● berries · ✦ relic · ◌ wall gap
Your base· ✓ Closed at 22:51 · 1t walls · fragile
Sa Ngộ Tĩnh's base· ✓ Closed at 18:08 · 59t walls · 2 gate(s)
Smoothed initial terrain · ◌ = detected wall gap · hover for details
Inputs per minute
— Solaiman III - - Sa Ngộ Tĩnh
Build order — Solaiman III
First 150 of 178 actions detected
| 0:01 | Queue | Villager (Male) |
| 0:02 | Build | House |
| 0:03 | Build | House |
| 0:06 | Queue | Villager (Male) |
| 0:18 | Queue | Villager (Male) |
| 0:23 | Queue | Villager (Male) |
| 1:31 | Queue | Villager (Male) |
| 1:31 | Queue | Villager (Male) |
| 1:31 | Queue | Villager (Male) |
| 1:59 | Queue | Villager (Male) |
| 1:59 | Queue | Villager (Male) |
| 2:11 | Build | Lumber Camp |
| 2:17 | Queue | Villager (Male) |
| 2:17 | Queue | Villager (Male) |
| 2:49 | Queue | Villager (Male) |
| 2:50 | Queue | Villager (Male) |
| 2:50 | Queue | Villager (Male) |
| 3:18 | Queue | Villager (Male) |
| 3:18 | Queue | Villager (Male) |
| 3:19 | Queue | Villager (Male) |
| 3:19 | Queue | Villager (Male) |
| 3:26 | Build | House |
| 4:08 | Queue | Villager (Male) |
| 4:17 | Queue | Villager (Male) |
| 4:36 | Build | Dock |
| 4:51 | Queue | Villager (Male) |
| 5:11 | Queue | Villager (Male) |
| 5:17 | Build | House |
| 5:22 | Queue | Fishing Ship |
| 5:30 | Queue | Villager (Male) |
| 5:30 | Queue | Villager (Male) |
| 6:02 | Queue | Fishing Ship |
| 6:02 | Queue | Fishing Ship |
| 6:05 | Queue | Villager (Male) |
| 6:05 | Queue | Villager (Male) |
| 6:52 | Queue | Fishing Ship |
| 6:55 | Research | Loom |
| 7:33 | Research | Feudal Age |
| 7:33 | Research | Feudal Age |
| 7:33 | Research | Feudal Age |
| 7:50 | Build | Lumber Camp |
| 8:45 | Build | Barracks |
| 9:05 | Queue | Fishing Ship |
| 9:18 | Queue | Villager (Male) |
| 9:33 | Build | Mining Camp |
| 9:36 | Queue | Villager (Male) |
| 9:43 | Age | Feudal Age |
| 9:44 | Build | House |
| 9:49 | Build | Archery Range |
| 9:53 | Research | Double-Bit Axe |
| 10:00 | Build | Archery Range |
| 10:02 | Queue | Villager (Male) |
| 10:20 | Queue | Fishing Ship |
| 10:36 | Queue | Villager (Male) |
| 10:41 | Build | House |
| 10:43 | Queue | Archer |
| 10:43 | Queue | Archer |
| 10:53 | Build | Blacksmith |
| 10:57 | Queue | Archer |
| 11:17 | Queue | Archer |
| 11:18 | Queue | Archer |
| 11:20 | Queue | Villager (Male) |
| 11:28 | Build | House |
| 11:45 | Research | Fletching |
| 11:45 | Research | Fletching |
| 11:47 | Build | House |
| 11:47 | Build | House |
| 11:50 | Queue | Villager (Male) |
| 11:52 | Queue | Villager (Male) |
| 12:16 | Queue | Archer |
| 12:17 | Queue | Archer |
| 12:17 | Queue | Villager (Male) |
| 12:32 | Queue | Villager (Male) |
| 12:37 | Build | Mill |
| 12:39 | Queue | Fishing Ship |
| 12:47 | Queue | Archer |
| 12:47 | Queue | Archer |
| 13:01 | Queue | Villager (Male) |
| 13:09 | Queue | Villager (Male) |
| 13:22 | Queue | Archer |
| 13:22 | Queue | Archer |
| 13:39 | Build | House |
| 13:39 | Queue | Villager (Male) |
| 13:48 | Build | Palisade Wall |
| 13:57 | Build | Dock |
| 14:26 | Queue | Archer |
| 14:26 | Queue | Archer |
| 14:27 | Queue | Villager (Male) |
| 14:36 | Queue | Villager (Male) |
| 14:40 | Queue | Villager (Male) |
| 14:41 | Queue | Fishing Ship |
| 14:43 | Queue | Villager (Male) |
| 14:48 | Build | Dock |
| 15:11 | Build | Watch Tower |
| 15:28 | Queue | Archer |
| 15:28 | Queue | Archer |
| 15:28 | Queue | Villager (Male) |
| 15:33 | Build | Mining Camp |
| 15:40 | Queue | Unit 2626 |
| 15:40 | Queue | Unit 2626 |
| 15:42 | Build | House |
| 15:43 | Queue | Villager (Male) |
| 16:11 | Queue | Unit 2626 |
| 16:13 | Build | House |
| 16:46 | Queue | Villager (Male) |
| 16:49 | Queue | Fishing Ship |
| 16:55 | Queue | Unit 2626 |
| 17:01 | Queue | Fishing Ship |
| 17:03 | Build | House |
| 17:28 | Queue | Archer |
| 17:28 | Queue | Archer |
| 17:29 | Queue | Villager (Male) |
| 17:38 | Queue | Unit 2626 |
| 17:45 | Queue | Archer |
| 17:46 | Queue | Archer |
| 17:46 | Queue | Villager (Male) |
| 17:47 | Build | House |
| 17:50 | Queue | Fishing Ship |
| 17:53 | Queue | Fishing Ship |
| 18:13 | Build | Watch Tower |
| 18:31 | Queue | Unit 2626 |
| 19:05 | Queue | Archer |
| 19:06 | Queue | Archer |
| 19:06 | Queue | Villager (Male) |
| 19:09 | Build | Market |
| 19:13 | Queue | Fishing Ship |
| 19:16 | Build | House |
| 19:58 | Build | Watch Tower |
| 20:02 | Queue | Archer |
| 20:03 | Queue | Archer |
| 20:11 | Research | Castle Age |
| 20:12 | Research | Castle Age |
| 20:35 | Research | Padded Archer Armor |
| 20:36 | Research | Gold Mining |
| 20:36 | Research | Gold Mining |
| 20:38 | Build | House |
| 20:40 | Build | House |
| 20:42 | Queue | Fishing Ship |
| 20:43 | Queue | Fishing Ship |
| 20:48 | Queue | Fishing Ship |
| 21:12 | Research | Stone Mining |
| 21:12 | Research | Stone Mining |
| 21:14 | Build | House |
| 21:22 | Build | Mining Camp |
| 21:24 | Queue | Archer |
| 21:25 | Queue | Archer |
| 21:52 | Queue | Fishing Ship |
| 21:57 | Queue | Fishing Ship |
| 21:59 | Build | House |
| 22:02 | Build | House |
Build order — Sa Ngộ Tĩnh
First 150 of 152 actions detected
| 0:00 | Queue | Villager (Male) |
| 0:00 | Queue | Villager (Male) |
| 0:01 | Queue | Villager (Male) |
| 0:03 | Build | House |
| 0:05 | Build | House |
| 0:36 | Queue | Villager (Male) |
| 0:36 | Queue | Villager (Male) |
| 1:26 | Build | Lumber Camp |
| 1:28 | Queue | Villager (Male) |
| 1:28 | Queue | Villager (Male) |
| 1:58 | Queue | Villager (Male) |
| 2:21 | Queue | Villager (Male) |
| 2:21 | Queue | Villager (Male) |
| 2:52 | Queue | Villager (Male) |
| 2:52 | Queue | Villager (Male) |
| 3:15 | Queue | Villager (Male) |
| 3:15 | Queue | Villager (Male) |
| 3:30 | Build | House |
| 3:43 | Queue | Villager (Male) |
| 3:44 | Queue | Villager (Male) |
| 3:49 | Build | Dock |
| 3:58 | Build | Dock |
| 4:12 | Build | House |
| 4:16 | Research | Loom |
| 4:34 | Queue | Villager (Male) |
| 4:34 | Queue | Villager (Male) |
| 4:40 | Build | Palisade Wall |
| 4:40 | Build | Palisade Wall |
| 4:43 | Build | Palisade Wall |
| 4:46 | Queue | Fishing Ship |
| 4:58 | Queue | Villager (Male) |
| 4:59 | Queue | Villager (Male) |
| 5:29 | Queue | Villager (Male) |
| 5:29 | Queue | Villager (Male) |
| 5:38 | Queue | Fishing Ship |
| 5:40 | Queue | Villager (Male) |
| 5:40 | Queue | Villager (Male) |
| 5:46 | Build | House |
| 5:56 | Queue | Villager (Male) |
| 5:56 | Queue | Villager (Male) |
| 6:23 | Queue | Fishing Ship |
| 6:23 | Queue | Fishing Ship |
| 6:29 | Queue | Villager (Male) |
| 6:30 | Queue | Villager (Male) |
| 6:48 | Build | House |
| 6:53 | Queue | Villager (Male) |
| 6:54 | Queue | Villager (Male) |
| 6:55 | Queue | Villager (Male) |
| 6:55 | Queue | Villager (Male) |
| 7:02 | Queue | Fishing Ship |
| 7:02 | Queue | Fishing Ship |
| 7:13 | Queue | Villager (Male) |
| 7:13 | Queue | Villager (Male) |
| 7:29 | Queue | Fishing Ship |
| 8:22 | Build | Palisade Wall |
| 8:26 | Queue | Villager (Male) |
| 8:40 | Queue | Villager (Male) |
| 8:48 | Build | Palisade Wall |
| 8:50 | Build | Palisade Wall |
| 8:57 | Research | Feudal Age |
| 9:02 | Build | Lumber Camp |
| 9:23 | Build | Mining Camp |
| 9:34 | Build | Palisade Wall |
| 9:34 | Build | Palisade Wall |
| 9:46 | Build | Dock |
| 10:02 | Build | Palisade Wall |
| 10:05 | Build | Palisade Wall |
| 10:09 | Build | Palisade Wall |
| 10:12 | Queue | Fishing Ship |
| 10:38 | Build | Palisade Wall |
| 10:40 | Build | Palisade Wall |
| 10:41 | Build | Palisade Wall |
| 10:42 | Build | Palisade Wall |
| 10:58 | Build | Dock |
| 11:09 | Build | Dock |
| 11:24 | Build | Palisade Wall |
| 11:27 | Age | Feudal Age |
| 11:27 | Build | Palisade Wall |
| 11:27 | Build | Palisade Wall |
| 11:31 | Build | Mill |
| 11:35 | Queue | Unit 2626 |
| 11:50 | Queue | Villager (Male) |
| 11:54 | Queue | Fire Galley |
| 12:14 | Queue | Villager (Male) |
| 12:37 | Build | Watch Tower |
| 12:51 | Queue | Villager (Male) |
| 12:54 | Build | House |
| 12:57 | Build | House |
| 12:58 | Build | House |
| 13:48 | Queue | Villager (Male) |
| 13:56 | Build | Blacksmith |
| 14:10 | Queue | Villager (Male) |
| 14:30 | Queue | Villager (Male) |
| 14:37 | Build | Market |
| 14:44 | Research | Fletching |
| 14:49 | Build | Mining Camp |
| 14:55 | Queue | Villager (Male) |
| 15:22 | Research | Castle Age |
| 15:22 | Research | Castle Age |
| 15:41 | Build | Watch Tower |
| 15:45 | Queue | Fishing Ship |
| 15:45 | Queue | Fishing Ship |
| 16:11 | Build | Gate |
| 16:13 | Build | Stone Wall |
| 16:18 | Build | Outpost |
| 16:24 | Build | Lumber Camp |
| 16:54 | Build | Stone Wall |
| 17:10 | Build | Watch Tower |
| 17:32 | Queue | Villager (Male) |
| 17:37 | Build | Outpost |
| 17:41 | Research | Tech 906 |
| 18:03 | Build | Gate |
| 18:08 | Age | Castle Age |
| 18:23 | Queue | Villager (Male) |
| 18:23 | Queue | Villager (Male) |
| 18:35 | Queue | Villager (Male) |
| 18:46 | Build | Siege Workshop |
| 18:54 | Queue | Villager (Male) |
| 19:09 | Queue | Villager (Male) |
| 19:47 | Queue | Villager (Male) |
| 19:53 | Queue | Fishing Ship |
| 19:53 | Queue | Fishing Ship |
| 19:55 | Queue | Villager (Male) |
| 19:55 | Queue | Villager (Male) |
| 20:17 | Research | Double-Bit Axe |
| 20:18 | Research | Double-Bit Axe |
| 20:35 | Queue | Villager (Male) |
| 20:45 | Queue | Villager (Male) |
| 21:01 | Queue | Mangonel |
| 21:13 | Research | Bodkin Arrow |
| 21:18 | Queue | Villager (Male) |
| 22:31 | Build | Castle |
| 23:00 | Build | Watch Tower |
| 23:07 | Queue | Villager (Male) |
| 23:10 | Queue | Fishing Ship |
| 23:10 | Queue | Fishing Ship |
| 23:13 | Queue | Villager (Male) |
| 23:25 | Build | Mining Camp |
| 23:30 | Queue | Villager (Male) |
| 24:11 | Build | University |
| 24:37 | Queue | Villager (Male) |
| 24:41 | Queue | Villager (Male) |
| 24:56 | Research | Guard Tower (upgrade) |
| 24:56 | Research | Guard Tower (upgrade) |
| 24:57 | Research | Guard Tower (upgrade) |
| 25:12 | Queue | Mangonel |
| 25:28 | Queue | Samurai |
| 26:05 | Queue | Samurai |
| 26:06 | Queue | Samurai |
| 26:14 | Queue | Villager (Male) |
Match timeline
| 3:49 | Sa Ngộ Tĩnh · first_building Dock |
| 4:36 | Solaiman III · first_building Dock |
| 4:40 | Sa Ngộ Tĩnh · wall_segment Palisade Wall x9 |
| 4:40 | Sa Ngộ Tĩnh · wall_segment Palisade Wall x1 |
| 4:43 | Sa Ngộ Tĩnh · wall_segment Palisade Wall x11 |
| 8:22 | Sa Ngộ Tĩnh · wall_segment Palisade Wall x1 |
| 8:45 | Solaiman III · first_building Barracks |
| 8:48 | Sa Ngộ Tĩnh · wall_segment Palisade Wall x3 |
| 8:50 | Sa Ngộ Tĩnh · wall_segment Palisade Wall x11 |
| 9:34 | Sa Ngộ Tĩnh · wall_segment Palisade Wall x6 |
| 9:34 | Sa Ngộ Tĩnh · wall_segment Palisade Wall x1 |
| 9:43 | Solaiman III · age_up feudal |
| 9:49 | Solaiman III · first_building Archery Range |
| 10:02 | Sa Ngộ Tĩnh · wall_segment Palisade Wall x1 |
| 10:05 | Sa Ngộ Tĩnh · wall_segment Palisade Wall x1 |
| 10:09 | Sa Ngộ Tĩnh · wall_segment Palisade Wall x1 |
| 10:38 | Sa Ngộ Tĩnh · wall_segment Palisade Wall x2 |
| 10:40 | Sa Ngộ Tĩnh · wall_segment Palisade Wall x1 |
| 10:41 | Sa Ngộ Tĩnh · wall_segment Palisade Wall x1 |
| 10:42 | Sa Ngộ Tĩnh · wall_segment Palisade Wall x1 |
| 11:24 | Sa Ngộ Tĩnh · wall_segment Palisade Wall x6 |
| 11:27 | Sa Ngộ Tĩnh · age_up feudal |
| 11:27 | Sa Ngộ Tĩnh · wall_segment Palisade Wall x4 |
| 11:27 | Sa Ngộ Tĩnh · wall_segment Palisade Wall x1 |
| 13:48 | Solaiman III · wall_segment Palisade Wall x1 |
| 15:35 | Sa Ngộ Tĩnh · first_market_sell 100 food |
| 15:36 | Sa Ngộ Tĩnh · first_market_buy 100 stone |
| 16:13 | Sa Ngộ Tĩnh · wall_segment Stone Wall x1 |
| 16:54 | Sa Ngộ Tĩnh · wall_segment Stone Wall x1 |
| 18:08 | Sa Ngộ Tĩnh · age_up castle |
| 18:46 | Sa Ngộ Tĩnh · first_building Siege Workshop |
| 20:05 | Solaiman III · first_market_buy 100 wood |
| 20:06 | Solaiman III · first_market_sell 100 wood |
| 22:31 | Sa Ngộ Tĩnh · first_building Castle |
| 22:51 | Solaiman III · age_up castle |
| 23:32 | Solaiman III · first_building Siege Workshop |
| 26:14 | Solaiman III · first_building Castle |
| 26:47 | Sa Ngộ Tĩnh · resign |
[ AI ANALYSIS · 1 CREDIT ]
What really happened in this match?
Wolo.gg analyzes every decision: build order, eco, micro, common mistakes by bracket. Personalized analysis on WhatsApp or Discord in 30 seconds.
Civ guide
Dravidians
Perfil
Solaiman III